cohdb
Replays
Latest Replays
All Replays
Popular Replays
Top Player Replays
Match Explorer
How It Works
Community
CoH3 Stats
Reddit
Sign in to upload your games and track your stats! →
Sign in with Steam
Match 46951329
Unlisted
Match 46951329
Overview
Messages
Build Orders
End
Selects Airborne Battlegroup
Selects Heavy Machine Gun Paradrop
Heavy Machine Gun Paradrop
Construct Weapon Support Center
Bazooka Squad
Heavy Machine Gun Paradrop
Mechanized Support Center
Heavy Machine Gun Paradrop
Selects Paratrooper Squad Paradrop
Paratrooper Squad Paradrop
Heavy Machine Gun Paradrop
Paratrooper Squad Paradrop
Selects Recon Loiter
Construct Medical Station
Recon Loiter
Selects Supply Drop
Construct Tank Depot
Paratrooper Squad Paradrop
JDG
Carecup
sannnn
西洋雪蓮Official
BES2
꿀뜨개Honeydipper
Konrad Curze
FLOKL
0
0
Comments
sign in to comment!
No comments posted yet!